 Dungeon Crawl Stone Soup version 0.17-a0-1409-ge6d9485 (webtiles) character file.

69 urechis the Poker (level 4, 0/33 HPs)
             Began as a Merfolk Skald on June 22, 2015.
             Slain by Natasha (11 damage)
             ... on level 2 of the Dungeon.
             The game lasted 00:02:38 (1286 turns).

urechis the Poker (Merfolk Skald)                   Turns: 1286, Time: 00:02:39

Health: 0/33       AC:  3    Str: 12    XL:     4   Next: 20%
Magic:  6/7        EV: 11    Int: 11    God:
Gold:   33         SH:  0    Dex: 14    Spells: 1 memorised, 6 levels left

rFire  . . .     SeeInvis .     a - +0 spear
rCold  . . .     Clarity  .     b - +0 leather armour
rNeg   . . .     SustAt   .     (no shield)
rPois  .         Gourm    .     (no helmet)
rElec  .         Spirit   .     (no cloak)
rCorr  .         Warding  .     (no gloves)
rMut   .         Stasis   .     (no boots)
MR     .....                    (no amulet)
Stlth  +.........               (no ring)
                                (no ring)

@: very slightly contaminated, not resistant to hostile enchantments, very
unstealthy
A: change form in water, swift swim
a: no special abilities


You were on level 2 of the Dungeon.
You were not hungry.

You visited 1 branch of the dungeon, and saw 2 of its levels.

You collected 33 gold pieces.

Inventory:

Hand weapons
 a - a +0 spear (weapon)
Armour
 b - a +0 leather armour (worn)
Scrolls
 e - 2 scrolls of amnesia {unknown}
 h - a scroll of fog {unknown}
 i - a scroll of remove curse {unknown}
Potions
 g - a potion of might
Books
 c - a book of Battle

   Spells                             Type                      Level
   a - Infusion                       Charms                       1
   b - Shroud of Golubria             Charms/Translocation         2
   c - Song of Slaying                Charms                       2
   d - Spectral Weapon                Hexes/Charms                 3
   e - Regeneration                   Charms/Necromancy            3
Comestibles
 d - a bread ration
 f - a chunk of flesh


   Skills:
 - Level 2.1 Fighting
 + Level 6.3 Polearms
 - Level 0.6 Armour
 - Level 1.3 Dodging
 - Level 2.0 Spellcasting
 - Level 3.2 Charms


You had 6 spell levels left.
You knew the following spells:

 Your Spells              Type           Power        Failure   Level  Hunger
a - Infusion              Chrm           #.....       12%         1    ##.....


Dungeon Overview and Level Annotations

Branches:
Dungeon (2/15)

Altars:
Ashenzari
Dithmenos
Okawaru

Annotations:
D:2 Natasha


Message History

The goblin misses you.
You hit the goblin.
The goblin is almost dead.
The goblin closely misses you.
Natasha drinks a potion.
Natasha seems to grow stronger.
You hit the goblin.
You kill the goblin!
Attack whom?
Press: ? - help, Dir - move target cursor, f - Natasha
Aim: Natasha (unusually strong)
You reach to attack!
You closely miss Natasha.
Casting: Infusion
Confirm with . or Enter, or press ? or * to list all spells.
You miscast Infusion.
You are very lightly contaminated with residual magic.
Nothing appears to happen.
Natasha claws you! Natasha stares at you.
You feel disoriented. Natasha claws you!
You die...

# ############## ..
............ ...
...##........###...
...................
...................
.......h...........
#......@........#
#..#.###.#)†....###
<. #.#........# .
#####.#........#
............####
##.............
#....†########
..##.....>......
..................


You could see Natasha.

Vanquished Creatures
  Natasha (D:2)
  An adder (D:2)
  2 giant geckos
  A ball python (D:1)
  3 bats (D:1)
  2 giant cockroaches (D:1)
  6 hobgoblins
  4 kobolds
  A giant newt (D:1)
  4 goblins
  5 rats
30 creatures vanquished.

Notes
Turn   | Place    | Note
--------------------------------------------------------------
     0 | D:1      | urechis the Merfolk Skald began the quest for the Orb.
     0 | D:1      | Reached XP level 1. HP: 16/16 MP: 3/3
   350 | D:1      | Reached skill level 4 in Polearms
   350 | D:1      | Reached XP level 2. HP: 20/22 MP: 5/5
   757 | D:1      | Reached XP level 3. HP: 25/27 MP: 6/6
   759 | D:1      | Reached skill level 5 in Polearms
   839 | D:2      | Noticed Natasha
   854 | D:2      | Killed Natasha
  1077 | D:2      | Found an iron altar of Okawaru.
  1078 | D:2      | Found a shattered altar of Ashenzari.
  1115 | D:2      | Reached skill level 6 in Polearms
  1115 | D:2      | Reached XP level 4. HP: 9/33 MP: 7/7
  1197 | D:2      | Found a shadowy altar of Dithmenos.
  1278 | D:2      | Noticed Natasha
  1286 | D:2      | Slain by Natasha

Vault maps used:
D:1:      dpeg_arrival_prison, minmay_misc_feat_nine_boxes
D:2:      nicolae_dithmenos_through_a_glass_darkly,
          gammafunk_temple_overflow_pools, first_bread, uniq_natasha,
          uniq_crazy_yiuf_cottage

Action                   |  1- 3 |  4- 6 || total
-------------------------+-------+-------++-------
Melee: Spear             |   118 |    27 ||   145
  Use: Potion            |       |     2 ||     2
 Stab: Sleeping          |     2 |       ||     2
  Eat: Chunk             |       |     1 ||     1
